 Dungeon Crawl Stone Soup version 0.31-a0-799-g6bc09d010c (webtiles) character file.

Game seed: 4816833658253085845

747 hikkokomori the Poker (level 7, -4/56 HPs)
             Began as a Merfolk Gladiator on Aug 24, 2023.
             Killed from afar by Blork the orc (10 damage)
             ... with a puff of flame
             ... on level 5 of the Dungeon on Sept 19, 2023.
             The game lasted 00:09:53 (4494 turns).

hikkokomori the Poker (Merfolk Gladiator)           Turns: 4494, Time: 00:09:55

Health: -4/56      AC:  3    Str: 17    XL:     7   Next: 77%
Magic:  7/7        EV: 24    Int:  7    God:
Gold:   223        SH:  0    Dex: 15    Spells: 6/6 levels left

rFire   . . .        a - +0 trident
rCold   . . .        (no shield)
rNeg    . . .        b - +0 leather armour
rPois   .            c - melded +0 helmet
rElec   .            (cloak currently unavailable)
rCorr   .            (gloves currently unavailable)
SInv    .            (boots currently unavailable)
Will    .....        j - amulet of faith
Stlth   ++           o - +5 ring of evasion
HPRegen 0.29/turn    k - +5 ring of evasion
MPRegen 0.10/turn

%: faith
@: beast-form
A: beast (slay +0), (nimble swimmer 2), mertail
a: Begin Untransformation


You were on level 5 of the Dungeon.
You were a hulking beast.
You visited 1 branch of the dungeon, and saw 6 of its levels.

You collected 223 gold pieces.

Inventory:

Hand Weapons
 a - a +0 trident (weapon)
Missiles
 d - 2 throwing nets (quivered)
 e - a javelin
 v - 5 poisoned darts
Armour
 b - a +0 leather armour (worn)
 c - a +0 helmet (melded)
 i - a +0 cloak
Jewellery
 f - a ring of wizardry
 g - a +6 ring of dexterity
 j - an amulet of faith (around neck)
 k - a +5 ring of evasion (right hand)
 o - a +5 ring of evasion (left hand)
 x - an amulet of the acrobat
Talismans
 m - a beast talisman (active)
Wands
 r - a wand of flame (16)
Scrolls
 h - 4 scrolls of fog
 p - 2 scrolls of identify
 s - a scroll of revelation {unknown}
 t - a scroll of fear
 u - 2 scrolls of enchant weapon
 w - a scroll of vulnerability
Potions
 l - a potion of heal wounds {unknown}
 n - a potion of curing
 q - 2 potions of brilliance


   Skills:
 + Level 5.0 Fighting
 + Level 6.7 Polearms
 - Level 3.5 Throwing
 + Level 1.5 Armour
 - Level 6.0 Dodging
 + Level 3.0 Stealth


You had 6 spell levels left.
You didn't know any spells.
Your spell library contained the following spells:

 Spells                   Type           Power      Damage    Failure   Level
 Kiss of Death            Conj/Necr      0%         2d5       50%         1
 Ensorcelled Hibernation  Hex/Ice        0%         N/A       63%         2
 Passwall                 Tmut/Erth      0%         N/A       63%         2
 Confusing Touch          Hex            0%         N/A       86%         3
 Swiftness                Air            0%         N/A       86%         3
 Dispel Undead            Necr           0%         3d6       99%         4


Dungeon Overview and Level Annotations

Branches:
Dungeon (6/15)
 Temple: D:4-7

Altars:
Cheibriados
Dithmenos
Kikubaaqudgha
Qazlal
Xom

Shops:
D:1 (

Annotations:
D:5 Blork the orc


Innate Abilities, Weirdness & Mutations

You are a hulking beast.
Your limbs bulge with bestial killing power. (Slay +0)
((You are very nimble when in or above water. (Stealth+, EV+, Speed+++)))
Your lower body shifts to a powerful aquatic tail in water.


Message History

Blork the orc is severely wounded.
Blork the orc casts a spell at you. The magic dart hits you.
The orc closely misses you.
You barely miss Blork the orc.
Blork the orc is severely wounded.
Blork the orc zaps a wand.
The puff of flame misses you.
You hit Blork the orc but do no damage.
Blork the orc is severely wounded.
The orc closely misses you. Blork the orc casts a spell at you.
The puff of flame misses you.
You barely miss Blork the orc.
Blork the orc is severely wounded.
The orc closely misses you. Blork the orc misses you.
You hit Blork the orc.
Blork the orc is severely wounded.
The orc completely misses you. Blork the orc completely misses you.
You barely miss Blork the orc.
Blork the orc is severely wounded.
The orc barely misses you. Blork the orc barely misses you.
You hit Blork the orc.
Blork the orc is almost dead.
The orc completely misses you.
Blork the orc hits you with a +0 war axe!
* * * LOW HITPOINT WARNING * * *
You hit Blork the orc but do no damage.
Blork the orc is almost dead.
The orc misses you. Blork the orc barely misses you.
You hit Blork the orc.
Blork the orc is almost dead.
The orc completely misses you.
Blork the orc zaps a wand.
The puff of flame hits you!
* * * LOW HITPOINT WARNING * * *
Aiming: Throw Flame
Press: ? - help, Shift-Dir - straight line, f - Blork the orc, p - orc
Aim: Blork the orc, wielding a +0 war axe, wearing a +2 robe of fire resistance and carrying a wand of flame (almost dead, 72% to hit)
The puff of flame misses Blork the orc.
The orc barely misses you.
Blork the orc points at you and mumbles some strange words.
The puff of flame hits you!
You die...

..
........................#
...
........................
...
#.....................
... #.................#.
...## #...............##
#...## ##..............
#....##### ##.........[..
#.......o#####...........
..)............oh$.......
..)######.....o..........
... ####..#######.... ...
#..# #... ... ##.# ## ...
#.# ... #.. ... #..#


You could see Blork the orc and an orc.

Vanquished Creatures
  Grinder (D:3)
  The ghost of osoart the Changeling, an amateur SpSh (D:3)
  An ice beast (D:5)
  2 hounds
  2 jellies
  An iguana (D:4)
  Natasha (twice) (D:4)
  Ijyb (D:3)
  An orc wizard (D:6)
  3 adders (D:4)
  A worm (D:2)
  3 dart slugs
  6 orcs
  3 bats
  5 endoplasms
  6 giant cockroaches
  6 goblins
  8 hobgoblins
  6 jackals
  8 kobolds
  5 quokkas
  5 ball pythons
  4 frilled lizards
  5 rats
86 creatures vanquished.

Vanquished Creatures (others)
  An orc (D:5)
1 creature vanquished.

Grand Total: 87 creatures vanquished

Notes
Turn   | Place    | Note
-------+----------+-------------------------------------------
     0 | D:1      | hikkokomori the Merfolk Gladiator began the quest for the
                  | Orb.
     0 | D:1      | Reached XP level 1. HP: 16/16 MP: 1/1
   120 | D:1      | Reached XP level 2. HP: 17/23 MP: 2/2
   419 | D:1      | Reached XP level 3. HP: 24/28 MP: 3/3
   600 | D:1      | Found Bolemit's Antique Weapon Shop.
   981 | D:2      | Reached XP level 4. HP: 34/34 MP: 4/4
  1041 | D:2      | Found a stormy altar of Qazlal.
  1800 | D:3      | Noticed Ijyb
  1822 | D:3      | Killed Ijyb
  1827 | D:3      | Upgraded the game from 0.31-a0-620-gd1cbd99268 to
                  | 0.31-a0-799-g6bc09d010c
  2027 | D:3      | Found a shadowy altar of Dithmenos.
  2032 | D:3      | Noticed Grinder
  2067 | D:3      | Killed Grinder
  2068 | D:3      | Reached skill level 5 in Polearms
  2068 | D:3      | Reached skill level 5 in Dodging
  2068 | D:3      | Reached XP level 5. HP: 42/42 MP: 5/5
  2068 | D:3      | Reached XP level 6. HP: 48/48 MP: 6/6
  2349 | D:3      | Found a runed translucent gate.
  2349 | D:3      | Found a runed translucent gate.
  2349 | D:3      | Found a runed translucent gate.
  2361 | D:3      | Noticed osoart's ghost (amateur SpSh)
  2399 | D:3      | Killed osoart's ghost
  2400 | D:3      | Reached skill level 1 in Stealth
  3242 | D:4      | Noticed Natasha
  3249 | D:4      | Killed Natasha
  3250 | D:4      | Reached XP level 7. HP: 46/55 MP: 7/7
  3526 | D:4      | Found a radiant altar of Vehumet.
  3530 | D:4      | Found a shimmering altar of Xom.
  3530 | D:4      | Found an ancient bone altar of Kikubaaqudgha.
  3532 | D:4      | Found a shimmering altar of Xom.
  3532 | D:4      | Found a snail-covered altar of Cheibriados.
  3532 | D:4      | Found a sacrificial altar of Ru.
  3942 | D:4      | Noticed Natasha
  3952 | D:4      | Killed Natasha
  3953 | D:4      | Reached skill level 1 in Armour
  4157 | D:5      | Entered Level 5 of the Dungeon
  4255 | D:5      | Noticed Blork the orc
  4293 | D:6      | Reached skill level 5 in Fighting
  4494 | D:5      | Killed from afar by Blork the orc

Illustrated notes

Levels and vault maps discovered:
D:1:      spicycebolla_green_bress_n_ham_2, layout_basic, serial_shops, shop,
          minmay_misc_feat_x, minivault_19
D:2:      mumra_celtic_spiral_tile, layout_rooms, basic_altar,
          serial_co_window_serial, co_window_cross_1, co_window_paths_a,
          co_window_corner_a, co_window_corner_a, co_window_paths_a,
          co_window_unsneaky_path_c, co_window_of_opportunity_b,
          co_window_2corner, co_window_of_opportunity_c, glass_columns_a,
          interstate_on_off, minmay_heptomino_d4
D:3:      layout_loops_corners, grunt_dithmenos_smoke,
          ebering_ghost_rock_garden, kennysheep_generic_room_15, uniq_ijyb,
          uniq_grinder
D:4:      kb_forest_paths, layout_basic, doesnt_xom_only_xom, st_stairs_8,
          uniq_natasha
D:5:      layout_layer_cave, uniq_blork_the_orc, uniq_menkaure, uniq_sigmund
D:6:      layout_layer_cave, mainiacjoe_overflow_large_starburst,
          minmay_temple_entry_glass, uniq_eustachio, uniq_duvessa

Skill      XL: |  1  2  3  4  5  6  7 |
---------------+----------------------+-----
Fighting       | 3 4 5 |  5.0
Polearms       | 5 6 |  6.7
Throwing       | 3 |  3.5
Dodging        | 5 6 |  6.0
Stealth        | 1 3 |  3.0
Armour         | 1 |  1.5

Action                     |  1- 3 |  4- 6 |  7- 9 || total
---------------------------+-------+-------+-------++-------
  Melee: Trident           |   133 |   116 |   126 ||   375
         Punch             |     3 |     2 |     1 ||     6
  Throw: Throwing net      |       |     1 |       ||     1
  Evoke: Wand              |       |     2 |     2 ||     4
    Use: Potion            |       |     4 |     1 ||     5
         Scroll            |       |     4 |       ||     4
   Stab: Sleeping          |     3 |     4 |     4 ||    11
         Distracted        |     2 |       |       ||     2
 Armour: Leather armour    |    29 |    20 |    45 ||    94
  Dodge: Dodged            |    77 |    72 |   161 ||   310
   Form: Beast             |     1 |     1 |     1 ||     3
                           |     1 |       |     1 ||     2

Table legend: (Time is in decaauts)
 A = Elapsed time spent in this place.
 B = Non-inter-level travel time spent in this place.
 C = Inter-level travel time spent in this place.
 D = Time resting spent in this place.
 E = Time spent auto-exploring this place.
 F = Levels seen in this place.
 G = Mean time per level.
                   A        B        C        D        E       F      G
               +--------+--------+--------+--------+--------+-----+--------+
         Total |   4520 |   4334 |    186 |    408 |   3060 |   6 |  753.3 |
       Dungeon |   4520 |   4334 |    186 |    408 |   3060 |   6 |  753.3 |
               +--------+--------+--------+--------+--------+-----+--------+

Top non-repeatable levels by time:
     D:4: 1309 daAuts
     D:2: 1103 daAuts
     D:3: 1095 daAuts
     D:1: 676 daAuts
     D:6: 191 daAuts
     D:5: 143 daAuts
